 Dungeon Crawl Stone Soup version 0.24.0-13-gcf9b3192b9 (webtiles) character file.

Game seed: 12582782809562029616, levelgen mode: deterministic

8028 zkyp the Cleaver (level 10, -5/83 HPs)
             Began as a Demigod Artificer on Nov 9, 2019.
             Killed from afar by a gargoyle (11 damage)
             ... with a stone arrow
             ... in a volcano.
             The game lasted 00:19:58 (10027 turns).

zkyp the Cleaver (Demigod Artificer)               Turns: 10027, Time: 00:19:59

Health: -5/83      AC: 16    Str: 21    XL:     10   Next: 75%
Magic:  5/5        EV:  7    Int: 15    God:
Gold:   151        SH:  0    Dex: 16    Spells: 9/9 levels left

rFire    + . .     SeeInvis .   Z - +8 spear of Wu Jian's Pride {antimagic, Fragile +Inv rC+++ Stlth+}
rCold    + + +     Gourm    .   (no shield)
rNeg     . . .     Faith    .   Q - +0 plate armour
rPois    .         Spirit   .   q - +0 helmet
rElec    .         Reflect  .   y - +0 cloak
rCorr    .         Harm     .   C - +0 pair of gloves
MR       ++...                  (no boots)
Stlth    ..........             t - amulet of regeneration
HPRegen  0.63/turn              N - ring of protection from fire
MPRegen  0.09/turn              u - ring of protection from magic

@: very slightly contaminated
A: high mp 1
a: Evoke Invisibility


You were in a volcano.
You were very hungry.

You visited 2 branches of the dungeon, and saw 11 of its levels.
You also visited: Ossuary, Bailey and Volcano.

You collected 462 gold pieces.
You spent 311 gold pieces at shops.

Inventory:

Hand Weapons
 a - a +3 battleaxe
 b - a +5 flail of draining
 F - a +2 hand axe of flaming
 Z - the +8 spear of Wu Jian's Pride (weapon) {antimagic, Fragile +Inv rC+++ Stlth+}
   (You found it on level 9 of the Dungeon)

   It reduces the magical energy of the wielder, and disrupts the spells and
   magical abilities of those hit.
   Natural abilities and divine invocations are not affected.
   It renders you almost immune to cold.
   It lets you turn invisible.
   It will be destroyed if unequipped.
   It makes you more stealthy.
Missiles
 I - 2 throwing nets {=f =F}
 O - 68 boomerangs (quivered)
Armour
 q - a +0 helmet (worn)
 y - a +0 cloak (worn)
 C - a +0 pair of gloves (worn)
 Q - a +0 plate armour (worn)
Jewellery
 t - an amulet of regeneration (around neck)
 u - a ring of protection from magic (right hand)
 N - a ring of protection from fire (left hand)
 S - an uncursed ring of flight
 W - an uncursed ring of wizardry
Wands
 c - a wand of flame (7)
 d - a wand of enslavement (17)
 M - a wand of scattershot (7)
 V - a wand of random effects (15)
 Y - a wand of iceblast (22)
Scrolls
 j - a scroll of identify {@r2}
 k - 9 scrolls of teleportation
 l - 3 scrolls of enchant weapon {unknown}
 p - 2 scrolls of immolation {unknown}
 r - 3 scrolls of enchant armour {unknown}
 s - 6 scrolls of remove curse {unknown}
 x - 5 scrolls of amnesia {unknown}
 B - 2 scrolls of blinking {unknown}
 J - a scroll of random uselessness {unknown}
 T - a scroll of summoning
Potions
 e - a potion of berserk rage {unknown}
 g - 9 potions of curing {@q1}
 h - a potion of lignification {unknown}
 i - 3 potions of heal wounds
 m - a potion of degeneration
 n - 7 potions of brilliance
 o - 6 potions of flight
 v - 2 potions of invisibility {unknown}
 w - 2 potions of resistance
 z - a potion of might
 A - 6 potions of mutation {unknown}
 D - 2 potions of agility {unknown}
 E - 2 potions of haste
 L - a potion of ambrosia {unknown}
 P - 4 potions of magic {unknown}
 R - a potion of experience {unknown}
Comestibles
 f - 16 rations


   Skills:
 - Level 5.6 Fighting
   Level 0.8 Short Blades
 - Level 12.6 Axes
 + Level 6.5 Armour
 - Level 1.7 Dodging
 - Level 0.8 Stealth
 - Level 2.6 Evocations


You had 9 spell levels left.
You didn't know any spells.
Your spell library contained the following spells:

 Spells                   Type           Power        Failure   Level  Hunger
 Animate Skeleton         Necr           N/A          99%         1    ##.....
 Apportation              Tloc           #.....       99%         1    ##.....
 Confusing Touch          Hex            #.....       99%         1    ##.....
 Corona                   Hex            #......      99%         1    ##.....
 Pain                     Necr           #...         99%         1    ##.....
 Summon Small Mammal      Summ           #...         99%         1    ##.....
 Slow                     Hex            #.......     100%        2    ###....
 Inner Flame              Hex/Fire       #.......     100%        3    ####...
 Portal Projectile        Hex/Tloc       #.....       100%        3    ####...
 Regeneration             Chrm/Necr      #.........   100%        3    ####...
 Vampiric Draining        Necr           #.........   100%        3    ####...
 Animate Dead             Necr           N/A          100%        4    #####..
 Cause Fear               Hex            #.........   100%        4    #####..
 Leda's Liquefaction      Hex/Erth       #.........   100%        4    #####..


Dungeon Overview and Level Annotations

Branches:
Dungeon (10/15)            Temple (0/1) D:5            Lair (1/6) D:8
Ossuary (visited)          Bailey (visited)         Volcano (1/1)
    Orc: D:9-12

Shops:
D:4 *   D:6 [   D:8 %}?[


Innate Abilities, Weirdness & Mutations

You have an increased reservoir of magic. (+10% MP)


Message History

Which direction?
You close the door.
A gargoyle comes into view. It is wielding a +0 flail.
You puncture the alligator skeleton!
The alligator skeleton is lightly damaged.
You flicker back into view.
The alligator skeleton bites you.
* * * LOW HITPOINT WARNING * * *
The alligator skeleton tail-slaps you but does no damage.
You open the door.
The air gets thick with the scent of sulphur.
The gargoyle hurls a stone arrow at you.
The stone arrow misses you. The alligator skeleton bites you!
* * * LOW HITPOINT WARNING * * *
The alligator skeleton tail-slaps you!
* * * LOW HITPOINT WARNING * * *
There is an open door here.
The gargoyle hurls a stone arrow at you.
The stone arrow hits you!
You die...

#. #. ## #. #§§ # #. #§≈≈
##.##.## ##§§§≈§≈≈≈≈
##......######≈§§≈≈§≈§≈≈§
..........##....§≈§≈§§§≈§≈
#.#..#9###.≈....≈≈≈≈§§≈≈≈
#......'@.....§≈≈≈≈§§§§≈≈
#.#..#.###.≈...≈≈§§§§§§≈≈
........ ##.......≈§§§≈≈§
##......## ####....§§..≈≈§
###.∩.## ###........§ #...
###....... #### ###.....
##.... ####.


You could see a gargoyle.

Vanquished Creatures
  A hydra (Lair:1)
  An anaconda skeleton (Volcano)
  An orc knight (Bailey)
  Pikel (D:6)
  A spiny frog (Lair:1)
  Prince Ribbit (D:6)
  A hippogriff (D:10)
  Sigmund (D:3)
  3 flying skulls (Volcano)
  Eustachio (D:6)
  Edmund (D:6)
  4 porcupines (D:8)
  A black bear (D:8)
  3 ogres (D:4)
  2 sky beasts
  A phantom (D:7)
  2 orc warriors
  4 ice beasts
  4 centaurs
  A big kobold (D:8)
  10 bullfrogs
  A gnoll sergeant (D:9)
  A water moccasin zombie (Ossuary)
  A scorpion (D:5)
  A troll skeleton (Volcano)
  6 wights (D:6)
  A howler monkey (D:6)
  3 crimson imps
  2 centaur zombies
  A quasit (D:8)
  3 jellies
  3 hounds
  2 orc priests
  2 bullfrog skeletons
  3 centaur skeletons
  Jessica (D:2)
  3 iguanas
  12 orc wizards
  3 worker ants
  A killer bee zombie (D:7)
  2 big kobold zombies (Ossuary)
  A naga skeleton (Volcano)
  A hound skeleton (D:8)
  2 mummies (Ossuary)
  A worker ant zombie (D:7)
  Robin (D:2)
  6 adders
  16 gnolls
  2 shadow imps (D:7)
  An ooze (D:1)
  7 adder zombies
  An adder skeleton (D:5)
  A worm (D:5)
  4 dart slugs
  8 leopard geckos
  19 orcs
  2 ball pythons
  6 giant cockroaches
  2 gnoll zombies (Ossuary)
  23 hobgoblins
  7 jackals
  19 kobolds
  A quokka (D:5)
  10 bats
  3 frilled lizards
  A giant cockroach zombie (D:5)
  10 goblins
  7 hobgoblin zombies (Ossuary)
  4 kobold zombies (Ossuary)
  A leopard gecko skeleton (D:8)
  A leopard gecko zombie (D:5)
  6 orc zombies (Ossuary)
  6 rats
  2 rat zombies (D:5)
  2 fungi
281 creatures vanquished.

Vanquished Creatures (collateral kills)
  Crazy Yiuf (D:5)
1 creature vanquished.

Vanquished Creatures (others)
  3 slaves (D:6)
  A wight (D:6)
  3 fungi (D:8)
  2 plants
9 creatures vanquished.

Grand Total: 291 creatures vanquished

Notes
Turn   | Place    | Note
-------+----------+-------------------------------------------
     0 | D:1      | zkyp the Demigod Artificer began the quest for the Orb.
     0 | D:1      | Reached XP level 1. HP: 15/15 MP: 5/5
    20 | D:1      | Reached skill level 1 in Fighting
   398 | D:1      | Reached XP level 2. HP: 12/24 MP: 6/6
   990 | D:1      | Reached XP level 3. HP: 30/30 MP: 7/7
  1496 | D:2      | Found an iron altar of Okawaru.
  1637 | D:2      | Noticed Jessica
  1643 | D:2      | Killed Jessica
  1643 | D:2      | Reached XP level 4. HP: 37/40 MP: 8/8
  1667 | D:2      | You fall into a shaft and drop 1 floor!
  1770 | D:3      | Found a glowing golden altar of the Shining One.
  1908 | D:3      | Noticed Sigmund
  1920 | D:3      | Killed Sigmund
  1920 | D:3      | Reached skill level 5 in Fighting
  1920 | D:3      | Reached XP level 5. HP: 34/48 MP: 9/9
  2048 | D:3      | Found a basalt altar of Yredelemnul.
  2204 | D:2      | Noticed Robin
  2238 | D:2      | Killed Robin
  2473 | D:2      | Found a white marble altar of Elyvilon.
  2473 | D:2      | Found a bloodstained altar of Trog.
  2763 | D:3      | Found a hide-covered altar of Uskayaw.
  2928 | D:3      | Found an ornate altar of the Wu Jian Council.
  3365 | D:4      | Noticed an ogre
  3603 | D:4      | Noticed an ogre
  3618 | D:4      | Killed an ogre
  3618 | D:4      | Reached skill level 2 in Axes
  3618 | D:4      | Reached XP level 6. HP: 39/57 MP: 10/10
  3886 | D:4      | Found Yfemnyna's Assorted Antiques.
  3916 | D:4      | Bought a scroll labeled QEUZE TEOCZYI for 26 gold pieces
  3916 | D:4      | Bought a scroll labeled XIUBEQ JUHIZOCZI for 26 gold pieces
  4052 | D:4      | Reached skill level 3 in Axes
  4302 | D:4      | Reached skill level 4 in Axes
  4302 | D:4      | Reached XP level 7. HP: 62/62 MP: 11/11
  4405 | D:5      | Entered Level 5 of the Dungeon
  4623 | D:5      | Reached skill level 5 in Axes
  4637 | D:5      | Found a sand-covered staircase.
  4653 | Ossuary  | Entered an ossuary
  4926 | D:5      | Reached skill level 6 in Axes
  4930 | D:5      | Found a staircase to the Ecumenical Temple.
  5343 | D:5      | Found a runed translucent door.
  5344 | D:5      | Noticed Crazy Yiuf
  5359 | D:5      | Killed Crazy Yiuf
  5428 | D:4      | Bought a pair of gloves for 117 gold pieces
  5493 | D:6      | Reached XP level 8. HP: 58/70 MP: 13/13
  5498 | D:6      | Reached skill level 7 in Axes
  5575 | D:6      | Noticed Pikel
  5620 | D:6      | Killed Pikel
  5620 | D:6      | Reached skill level 8 in Axes
  5720 | D:6      | Reached skill level 9 in Axes
  5752 | D:6      | Noticed Prince Ribbit
  5779 | D:6      | Killed Prince Ribbit
  5942 | D:6      | Reached XP level 9. HP: 73/75 MP: 14/14
  6167 | D:6      | Found Huef's Antique Armour Shoppe.
  6237 | D:6      | Noticed Edmund
  6239 | D:6      | Found a blossoming altar of Fedhas.
  6243 | D:6      | Killed Edmund
  6243 | D:6      | Reached skill level 10 in Axes
  6530 | D:6      | Noticed Eustachio
  6533 | D:6      | Killed Eustachio
  6655 | D:7      | Found an opulent altar of Gozag.
  7029 | D:7      | Reached skill level 11 in Axes
  7058 | D:7      | Found a flagged portal.
  7072 | Bailey   | Entered a bailey
  7240 | Bailey   | Noticed an orc knight
  7263 | Bailey   | Killed an orc knight
  7860 | D:8      | Found Rarosyng's Magic Scroll Boutique.
  7864 | D:8      | Bought a scroll of summoning for 104 gold pieces
  7864 | D:8      | Bought a scroll of magic mapping for 38 gold pieces
  7909 | D:8      | Found Yliowkah's Armour Shop.
  7998 | D:8      | Reached skill level 12 in Axes
  8120 | D:8      | Found a staircase to the Lair.
  8133 | D:8      | Reached XP level 10. HP: 83/83 MP: 15/15
  8192 | D:8      | Found Qoycott's Food Shoppe.
  8255 | D:8      | Found Jymozioh's Gadget Shoppe.
  8741 | D:9      | Got an encrusted spear
  8742 | D:9      | Identified the +8 spear of Wu Jian's Pride {antimagic,
                  | Fragile +Inv rC+++ Stlth+} (You found it on level 9 of the
                  | Dungeon)
  8787 | D:9      | Reached skill level 1 in Armour
  9333 | D:10     | Entered Level 10 of the Dungeon
  9572 | D:10     | Noticed a rakshasa
  9732 | Lair:1   | Entered Level 1 of the Lair of Beasts
  9757 | Lair:1   | Noticed a four-headed hydra
  9800 | Lair:1   | Killed a four-headed hydra
  9800 | Lair:1   | Reached skill level 5 in Armour
  9821 | Lair:1   | Found a dark tunnel.
  9830 | Volcano  | Entered a volcano
 10027 | Volcano  | Killed from afar by a gargoyle

Levels and vault maps discovered:
D:1:      eino_arrival_tree_alley, layout_basic
D:2:      layout_basic, nicolae_overflow_crystal_walls,
          gammafunk_temple_overflow_statue, first_ration, uniq_robin,
          uniq_jessica
D:3:      layout_basic, nicolae_overflow_quartered_altars, uniq_sigmund
D:4:      layout_loops_ring, serial_shops, nicolae_shop_overgrown_old_shop
D:5:      layout_rooms, minmay_temple_entry_slanted, enter_ossuary_4,
          uniq_crazy_yiuf_cottage
D:6:      minmay_flawed_box, layout_loops_ring, lemuel_coloured_pillars_altar,
          serial_shops, nicolae_shop_waterfront, kennysheep_doodads,
          uniq_prince_ribbit1, uniq_edmund, uniq_eustachio, uniq_pikel
D:7:      layout_loops_corners, old_standard_altar, enter_bailey_2
D:8:      layout_loops_ring, due_lair_maze_entry_diamond, serial_shops, shop,
          nicolae_shop_waterfront, shop, nicolae_shop_stone
D:9:      layout_irregular_city
D:10:     layout_stronghold, gammafunk_ghost_grave, grunt_pizzeria,
          corexii_corridor_pit
Lair:1:   layout_roguey, nicolae_volcano_entry_lava_flow, serial_bayou_pond_e
Volcano:  volcano_tomb [vts_chambers]

Skill      XL: |  1  2  3  4  5  6  7  8  9 10 |
---------------+-------------------------------+-----
Fighting       | 2 3 5 |  5.6
Axes           | 2 4 6 9 12 | 12.6
Armour         | 6 |  6.5
Short Blades   | |  0.8
Dodging        | |  1.7
Stealth        | |  0.8
Evocations     | |  2.6

Action                   |  1- 3 |  4- 6 |  7- 9 | 10-12 || total
-------------------------+-------+-------+-------+-------++-------
Melee: Short sword       |   171 |   185 |   153 |       ||   509
       War axe           |       |       |    65 |       ||    65
       Battleaxe         |       |       |   195 |    66 ||   261
       Dire flail        |       |       |    30 |       ||    30
       Spear             |       |       |       |   168 ||   168
Throw: Boomerang         |       |       |    20 |       ||    20
       Throwing net      |       |       |     1 |       ||     1
 Abil: Evoke Invisibilit |       |       |       |     1 ||     1
Evoke: Wand              |       |    16 |    15 |       ||    31
       Box of beasts     |       |       |     1 |       ||     1
  Use: Scroll            |       |     1 |     7 |     2 ||    10
       Potion            |       |       |     5 |     3 ||     8
 Stab: Sleeping          |     2 |     1 |     1 |       ||     4
       Paralysed         |       |     5 |       |       ||     5
       Betrayed ally     |       |       |     1 |       ||     1
       Held in net/web   |       |       |     1 |       ||     1
       Invisible         |       |       |       |     4 ||     4
  Eat: Chunk             |     3 |     4 |    14 |     5 ||    26
       Ration            |       |     1 |       |       ||     1
Armor: Ring mail         |    63 |    74 |   136 |       ||   273
       Leather armour    |     1 |       |       |       ||     1
       Plate armour      |       |       |    69 |   143 ||   212
Dodge: Dodged            |   102 |   127 |   258 |    64 ||   551
